 Dungeon Crawl Stone Soup version 0.28-a0-407-g69098e2f6d (webtiles) character file.

Game seed: 3647755649889789001

4340 omnomnOMINOUS the Skirmisher (level 10, -2/71 HPs)
             Began as an Octopode Wanderer on Sept 5, 2021.
             Was a Priest of Kikubaaqudgha.
             Succumbed to a water moccasin's poison
             ... on level 7 of the Dungeon.
             The game lasted 00:46:23 (14383 turns).

omnomnOMINOUS the Skirmisher (Octopode Wanderer)   Turns: 14383, Time: 00:46:23

Health: -2/71      AC:  1    Str: 13    XL:     10   Next: 33%
Magic:  1/13       EV: 15    Int: 16    God:    Kikubaaqudgha [***...]
Gold:   884        SH:  5    Dex: 12    Spells: 4/13 levels left

rFire   . . .      SeeInvis .   a - +2 mace
rCold   . . .      Faith    .   f - +0 buckler
rNeg    . . .      Spirit   .   (helmet restricted)
rPois   .          Reflect  .   (no amulet)
rElec   .          Harm     .   l - ring of wizardry
rCorr   +          Rampage  .   e - ring of resist corrosion
Will    .....                   (no ring)
Stlth   ++........              (no ring)
HPRegen 0.21/turn               (no ring)
MPRegen 0.13/turn               (no ring)
                                (no ring)
                                (no ring)

@: lethally poisoned (-2 -> -36)
A: almost no armour, amphibious, 8 rings, camouflage 1, gelatinous body 1,
(nimble swimmer 1), tentacles
a: Renounce Religion, Receive Corpses


You were on level 7 of the Dungeon.
You worshipped Kikubaaqudgha.
Kikubaaqudgha was most pleased with you.
You visited 1 branch of the dungeon, and saw 8 of its levels.
You also visited: Sewer and Bailey.

You collected 974 gold pieces.
You spent 90 gold pieces at shops.

Inventory:

Hand Weapons
 a - a +2 mace (weapon)
 b - a +0 halberd of flaming
 c - a +3 spear of freezing
 h - a +4 short sword
 r - a +1 dagger of venom
 w - a +4 halberd
Missiles
 j - 4 throwing nets (quivered)
 v - 2 boomerangs of dispersal
Armour
 f - a +0 buckler (worn)
Magical Staves
 k - a staff of cold
Jewellery
 e - a ring of resist corrosion (right tentacle)
 l - a ring of wizardry (left tentacle)
Scrolls
 d - 3 scrolls of vulnerability
 g - a scroll of fear
 i - a scroll of enchant armour
 n - a scroll of acquirement
 p - 2 scrolls of magic mapping
 u - a scroll of noise
Potions
 s - 6 potions of flight
 t - 2 potions of mutation


   Skills:
 + Level 7.6 Fighting
 - Level 4.0 Maces & Flails
 * Level 6.0 Polearms
 + Level 7.5 Dodging
 - Level 4.0 Shields
 - Level 2.0 Spellcasting
 + Level 7.5 Necromancy
 - Level 1.1 Evocations


You had 4 spell levels left.
You knew the following spells:

 Your Spells              Type           Power      Damage    Failure   Level
a - Pain                  Necr           100%       1d9       1%          1
b - Vampiric Draining     Necr           12%        2d7       1%          3
c - Borgnjor's Vile Clut  Necr/Erth      6%         N/A       43%         5

Your spell library contained the following spells:

 Spells                   Type           Power      Damage    Failure   Level
 Animate Skeleton         Necr           50%        N/A       1%          1
 Sublimation of Blood     Necr           12%        N/A       1%          2
 Animate Dead             Necr           12%        N/A       4%          4
 Dispel Undead            Necr           25%        3d12      4%          4
 Freeze                   Ice            4%         1d3       9%          1
 Dazzling Flash           Conj/Hex       2%         N/A       24%         3
 Frozen Ramparts          Ice            2%         1d2       24%         3
 Ozocubu's Armour         Ice            1%         N/A       24%         3
 Hailstorm                Conj/Ice       1%         3d3       58%         4
 Agony                    Necr           25%        N/A       11%         5
 Excruciating Wounds      Necr           12%        N/A       11%         5
 Death Channel            Necr           12%        N/A       47%         6
 Silence                  Hex/Air        0%         N/A       89%         5
 Ozocubu's Refrigeration  Ice            0%         4d5       100%        7


Dungeon Overview and Level Annotations

Branches:
Dungeon (8/15)             Temple (0/1) D:5           Sewer (visited)
 Bailey (visited)
   Lair: D:8-11

Altars:
Ashenzari
Cheibriados
Dithmenos
Gozag
Kikubaaqudgha
Zin
The Shining One

Annotations:
D:5 exclusion: yak
D:8 Harold, Maurice


Innate Abilities, Weirdness & Mutations

You cannot wear most types of armour.
You are amphibious.
You can wear up to eight rings at the same time.
Your skin changes colour to match your surroundings (Stealth+).
Your rubbery body absorbs attacks. (AC +1, EV +1)
((You are camouflaged near water. (Stealth+)))
You have tentacles for arms and can constrict up to eight enemies at once.


Message History

Press: ? - help, Shift-Dir - straight line, f/p - water moccasin
Aim: a water moccasin (moderately wounded)
You draw life force from the water moccasin.
You feel life coursing into your body.
You feel very sick. You block the water moccasin's attack.
Casting: Vampiric Draining (safe; 1% risk of failure)
Confirm with . or Enter, or press ? or * to list all spells.
Aiming: Vampiric Draining (safe; 1% risk of failure)
Press: ? - help, Shift-Dir - straight line, f/p - water moccasin
Aim: a water moccasin (heavily wounded)
You draw life force from the water moccasin!
You feel life coursing into your body.
You feel very sick. The water moccasin bites you. The water moccasin bites you!
* * * LOW HITPOINT WARNING * * *
You are lethally poisoned!
The water moccasin poisons you!
Okay, then.
Unknown command.
Casting: Vampiric Draining (safe; 1% risk of failure)
Confirm with . or Enter, or press ? or * to list all spells.
You don't have enough magic to cast this spell.
Okay, then.
Unknown command.
As you read the scroll labelled IDUYGA NUTH, it crumbles to dust.
You feel aware of your surroundings.
It was a scroll of magic mapping.
* * * LOW HITPOINT WARNING * * *
You feel very sick. The water moccasin bites you.
* * * LOW HITPOINT WARNING * * *
You are more poisoned.
The water moccasin poisons you!
This is a scroll of acquirement!
As you read the scroll labelled FUPRUQ FAINGEIS, it crumbles to dust.
Your body is wracked with pain!
* * * LOW HITPOINT WARNING * * *
The water moccasin convulses!
It was a scroll of torment.
You die...
Kikubaaqudgha rasps: "You have failed me!
Welcome... death!"

#.................((..# #.# #.###
#...................### #.# #.#..
#...........#############.###.#.#
#.........................#...#.#
.....######################.###.#
.....# *>,,,#...>#....<.....#.#
.....# *,,,,#....#.#.####.#.#.#
##.### *,,,,#....#.#....#.#.#.#
#.# *,,,,#.@..#.....)#.#.#.#
##.#*********'#S###########.#...#
...#*,,,,*,,,,#5Z5Z#,,,8#...#####
...#*,,,,*,⌠,,#..S.#,,,,#.#######
...#*,,,,*,,⌠,#....#,,,,#.#......
...#*,,,,',,,,#....'.,,,#.#.#####
...#*,,,,*****######..,,#.#.#....
...#*,,,,*,,,,,,,,,*....#.#.#.###
...#*,,,,*,,,,,,,,,*,...#.#.#.###


You could see a water moccasin and a white imp.

Vanquished Creatures
  A manticore (D:7)
  A gargoyle (D:8)
  Maggie (D:6)
  Psyche (D:8)
  Menkaure (D:4)
  A hornet zombie (D:8)
  An ice beast (D:7)
  A black bear (D:6)
  A centaur (D:5)
  A phantom (D:3)
  2 kobold brigands
  Blork the orc (D:6)
  2 bullfrogs (D:8)
  8 gnoll sergeants (Bailey)
  A wyvern zombie (D:7)
  2 scorpions
  A water moccasin skeleton (D:5)
  A wyvern skeleton (D:7)
  7 killer bees
  A bullfrog zombie (D:5)
  4 jellies
  A centaur zombie (D:7)
  7 gnoll shamans
  4 hounds
  An orc priest (D:7)
  A centaur skeleton (D:5)
  2 iguanas (D:4)
  2 orc wizards
  A hound skeleton (D:5)
  29 gnolls
  11 adders
  2 white imps
  4 worms
  4 dart slugs
  11 orcs
  9 ball pythons
  7 endoplasms
  7 giant cockroaches
  10 goblins
  7 hobgoblins
  10 jackals
  3 quokkas
  11 bats
  3 frilled lizards
  12 kobolds
  6 rats
205 creatures vanquished.

Vanquished Creatures (others)
  An orc (D:7)
  22 plants (D:7)
23 creatures vanquished.

Grand Total: 228 creatures vanquished

Notes
Turn   | Place    | Note
-------+----------+-------------------------------------------
     0 | D:1      | omnomnOMINOUS the Octopode Wanderer began the quest for the
                  | Orb.
     0 | D:1      | omnomnOMINOUS set off with the following items: a +2 mace,
                  | a +0 hand axe, a +0 buckler
     0 | D:1      | Reached XP level 1. HP: 17/17 MP: 1/1
    59 | D:1      | Reached XP level 2. HP: 9/22 MP: 2/2
   396 | D:1      | Reached skill level 1 in Dodging
   732 | D:1      | Reached XP level 3. HP: 27/27 MP: 3/3
  1365 | D:2      | Reached XP level 4. HP: 18/34 MP: 4/4
  1731 | D:2      | Found an ancient bone altar of Kikubaaqudgha.
  1746 | D:2      | Became a worshipper of Kikubaaqudgha
  2184 | D:3      | Reached XP level 5. HP: 29/38 MP: 5/5
  2294 | D:3      | Found a faded altar of an unknown god.
  2382 | D:3      | Reached * piety under Kikubaaqudgha
  2382 | D:3      | Received a gift from Kikubaaqudgha
  2406 | D:3      | Found a glowing golden altar of the Shining One.
  2834 | D:4      | Reached skill level 5 in Fighting
  2998 | D:4      | Noticed Menkaure
  3007 | D:4      | Killed Menkaure
  3008 | D:4      | Reached XP level 6. HP: 19/45 MP: 6/6
  3552 | D:4      | Learned a level 1 spell: Pain
  3684 | D:3      | Reached XP level 7. HP: 15/50 MP: 7/7
  4058 | D:4      | Reached skill level 5 in Dodging
  4293 | D:4      | HP: 1/50 [orc wizard (2)]
  4653 | D:4      | Reached skill level 1 in Necromancy
  4850 | D:4      | Reached skill level 1 in Spellcasting
  5106 | D:5      | Entered Level 5 of the Dungeon
  5152 | D:5      | Learned a level 3 spell: Vampiric Draining
  5613 | D:5      | Found Zin's Purification Station.
  5616 | D:5      | Found a glowing silver altar of Zin.
  5621 | D:5      | Bought a potion of curing for 90 gold pieces
  5641 | D:5      | Reached ** piety under Kikubaaqudgha
  5752 | D:5      | Reached XP level 8. HP: 42/56 MP: 6/10
  5887 | D:5      | Found a staircase to the Ecumenical Temple.
  5895 | D:5      | Noticed a yak
  6339 | D:5      | Noticed a yak
  6477 | D:6      | Noticed Blork the orc
  6488 | D:6      | Killed Blork the orc
  6665 | D:6      | Found a glowing drain.
  6674 | Sewer    | Entered a sewer
  7328 | D:6      | Identified the +2 leather armour of Lesser Demons {rC+}
  7548 | D:6      | Noticed Maggie
  7570 | D:6      | Killed Maggie
  7571 | D:6      | Reached skill level 5 in Necromancy
  8119 | D:6      | Reached skill level 1 in Polearms
  8268 | D:7      | Found a broken altar of Ashenzari.
  8395 | D:7      | Reached XP level 9. HP: 18/62 MP: 12/12
  8668 | D:7      | Found a snail-covered altar of Cheibriados.
  8773 | D:7      | Found an opulent altar of Gozag.
  9449 | D:7      | Noticed a manticore
  9467 | D:7      | Found a shadowy altar of Dithmenos.
  9884 | D:8      | Noticed Psyche
 10120 | D:8      | Noticed Maurice
 10134 | D:8      | Noticed a gargoyle
 10145 | D:8      | Killed a gargoyle
 10159 | D:8      | Killed Psyche
 10451 | D:8      | Found a flagged portal.
 10512 | D:8      | Noticed a two-headed ogre
 10514 | Bailey   | Entered a bailey
 10525 | Bailey   | HP: 2/63 [gnoll (7)]
 11829 | Bailey   | Reached *** piety under Kikubaaqudgha
 11829 | Bailey   | Received a gift from Kikubaaqudgha
 12056 | Bailey   | Reached skill level 5 in Polearms
 12056 | Bailey   | Reached XP level 10. HP: 63/71 MP: 3/13
 13509 | D:7      | Killed a manticore
 13749 | D:7      | Learned a level 5 spell: Borgnjor's Vile Clutch
 14360 | D:8      | Noticed Harold
 14383 | D:7      | Identified a scroll of acquirement
 14383 | D:7      | Succumbed to a water moccasin's poison

Illustrated notes

Levels and vault maps discovered:
D:1:      minmay_arrival_stair_chambers, layout_basic, minmay_tetromino_i4
D:2:      layout_loops_ring, basic_altar
D:3:      layout_rooms, tso_metal_star, ebering_ecumenical_altar_box,
          chequers_serial_rivers_micro_b
D:4:      layout_loops_corners, uniq_menkaure
D:5:      layout_cave_pools, zin_purify, temple_fountains
D:6:      layout_loops_ring, lightli_sewer_entry_pipes, uniq_maggie,
          uniq_blork_the_orc
D:7:      minmay_klotski, layout_basic,
          nicolae_dithmenos_through_a_glass_darkly, cheibrodos_ashenzari_chains,
          cheibriados_altar_1, kennysheep_mini, serial_glass, glass_columns_b,
          glass_columns_a, serial_bayou_lagoon_b
D:8:      layout_basic, tgw_sif, enter_bailey_2, serial_shops, shop,
          corexii_leaking_fountain, uniq_psyche, uniq_harold, uniq_maurice

Skill      XL: |  1  2  3  4  5  6  7  8  9 10 |
---------------+-------------------------------+-----
Dodging        | 1 2 3 4 5 6 7 |  7.5
Shields        | 2 4 |  4.0
Fighting       | 5 6 7 |  7.6
Necromancy     | 2 5 7 |  7.5
Spellcasting   | 1 2 |  2.0
Polearms       | 1 5 6 |  6.0
Maces & Flails | |  4.0
Evocations     | |  1.1

Action                   |  1- 3 |  4- 6 |  7- 9 | 10-12 || total
-------------------------+-------+-------+-------+-------++-------
Melee: Mace              |    64 |   112 |   268 |    35 ||   479
       Constrict         |    14 |    28 |    50 |     9 ||   101
       Tentacles         |     9 |    18 |    48 |     8 ||    83
Throw: Throwing net      |       |       |     3 |     6 ||     9
 Cast: Pain              |       |       |   111 |    36 ||   147
       Vampiric Draining |       |       |    15 |    24 ||    39
       Borgnjor's Vile C |       |       |       |     1 ||     1
  Use: Scroll            |       |     2 |     6 |     7 ||    15
       Potion            |       |     1 |    17 |     2 ||    20
 Stab: Sleeping          |     5 |     8 |     9 |     1 ||    23
       Held in net/web   |       |       |     1 |     1 ||     2
Armor: Skin              |    11 |     2 |    17 |     1 ||    31
Dodge: Dodged            |    42 |    62 |   237 |    82 ||   423
Block: Buckler           |     5 |    21 |    72 |    29 ||   127

Table legend: (Time is in decaauts)
 A = Elapsed time spent in this place.
 B = Non-inter-level travel time spent in this place.
 C = Inter-level travel time spent in this place.
 D = Time resting spent in this place.
 E = Time spent auto-exploring this place.
 F = Levels seen in this place.
 G = Mean time per level.
                   A        B        C        D        E       F      G
               +--------+--------+--------+--------+--------+-----+--------+
         Total |  14488 |  14234 |    254 |   5541 |   6223 |  10 | 1448.8 |
       Dungeon |  11516 |  11262 |    254 |   4183 |   5261 |   8 | 1439.5 |
         Sewer |    598 |    598 |      0 |      0 |    482 |   1 |  598.0 |
        Bailey |   2372 |   2372 |      0 |   1358 |    480 |   1 | 2372.0 |
               +--------+--------+--------+--------+--------+-----+--------+

Top non-repeatable levels by time:
     D:7: 2500 daAuts
  Bailey: 2372 daAuts
     D:4: 2233 daAuts
     D:6: 1448 daAuts
     D:5: 1207 daAuts
     D:1: 1188 daAuts
     D:8: 1055 daAuts
     D:3: 965 daAuts
     D:2: 918 daAuts
   Sewer: 598 daAuts
